 Dungeon Crawl Stone Soup version 0.20-a0-1008-g0de3dc5 (webtiles) character file.

3602 dvd the Frost Mage (level 9, -2/70 HPs)
             Began as a White Draconian Ice Elementalist on Apr 14, 2017.
             Was a Priest of Vehumet.
             Slain by a troll (5 damage)
             ... on level 9 of the Dungeon.
             The game lasted 00:35:21 (10551 turns).

dvd the Frost Mage (DrIE)                          Turns: 10551, Time: 00:35:22

Health: -2/70      AC:  8    Str: 10    XL:     9   Next: 86%
Magic:  9/22       EV: 13    Int: 18    God:    Vehumet [***...]
Gold:   464        SH:  0    Dex: 11    Spells: 7/22 levels left

rFire    . . .     SeeInvis .   F - +0 quarterstaff (curse)
rCold    + . .     Gourm    .   (shield currently unavailable)
rNeg     . . .     Faith    .   (armour unavailable)
rPois    +         Spirit   .   (helmet restricted)
rElec    .         Reflect  .   (no cloak)
rCorr    .         Harm     .   (no gloves)
MR       .....     Rnd*Tele +   n - +0 pair of boots
Stlth    ++........             (no amulet)
Regen    0.3/turn               r - -2 ring of dexterity (curse)
MPRegen  0.2/turn               y - ring of teleportation (curse)

@: short of breath, very slightly contaminated
A: breathe frost, unfitting armour, fangs 1, hooves 1, cold resistance 1, high
mp 1, poison resistance, no potion heal 1, cold-blooded, AC +7
a: Breathe Frost, Renounce Religion


You were on level 9 of the Dungeon.
You worshipped Vehumet.
Vehumet was most pleased with you.
You were hungry.

You visited 2 branches of the dungeon, and saw 10 of its levels.
You also visited: Sewer.

You collected 464 gold pieces.

Inventory:

Hand Weapons
 f - a +1 scimitar
 h - a +0 dagger
 k - a +0 short sword
 F - a cursed +0 quarterstaff (weapon)
Missiles
 m - 141 stones (quivered)
Armour
 n - a +0 pair of boots (worn)
Jewellery
 j - an uncursed ring of poison resistance {unknown}
 r - a cursed -2 ring of dexterity (left hand)
 y - a cursed ring of teleportation (right hand)
 B - a +5 ring of intelligence {unknown}
 C - an uncursed ring of ice {unknown}
Wands
 e - a wand of enslavement (21/24)
 p - a wand of clouds (0/9)
 A - a wand of flame (31/48)
 G - a wand of confusion (11/48)
Scrolls
 d - 2 scrolls of immolation
 i - a scroll of blinking
 l - 6 scrolls of identify
 t - 2 scrolls of amnesia
 D - a scroll of fear
 E - a scroll of holy word
Potions
 o - 4 potions of curing
 q - a potion of heal wounds
 s - a potion of lignification
 u - 3 potions of flight
 z - a potion of might
Books
 a - a book of Frost

   Spells                             Type                      Level
   a - Freeze                         Ice                          1
   b - Throw Frost                    Conjuration/Ice              2
   c - Ozocubu's Armour               Charms/Ice                   3
   d - Throw Icicle                   Conjuration/Ice              4
   e - Summon Ice Beast               Ice/Summoning                4
 w - a book of Cantrips

   Spells                             Type                      Level
   a - Confusing Touch                Hexes                        1
   b - Animate Skeleton               Necromancy                   1
   c - Summon Small Mammal            Summoning                    1
   d - Apportation                    Translocation                1
Comestibles
 b - 5 bread rations
 c - 9 royal jellies
 g - 6 meat rations
 v - 14 fruits


   Skills:
 + Level 3.2 Fighting
 + Level 1.9(3.5) Short Blades
 + Level 4.6(4.8) Long Blades
 + Level 0.2 Staves
 + Level 3.9 Dodging
 + Level 3.4 Stealth
 + Level 0.8 Unarmed Combat
 + Level 7.4 Spellcasting
 + Level 2.6 Conjurations
 + Level 0.6 Charms
 + Level 9.4 Ice Magic
 + Level 3.3 Earth Magic


You had 7 spell levels left.
You knew the following spells:

 Your Spells              Type           Power        Failure   Level  Hunger
a - Freeze                Ice            ####         1%          1    None
b - Throw Frost           Conj/Ice       ####..       1%          2    None
c - Ozocubu's Armour      Chrm/Ice       ###.....     4%          3    #......
d - Sandblast             Erth           ###...       1%          1    None
e - Throw Icicle          Conj/Ice       ####....     3%          4    ###....
f - Summon Ice Beast      Ice/Summ       ###.....     17%         4    ###....


Dungeon Overview and Level Annotations

Branches:
Dungeon (9/15)             Temple (1/1) D:5            Lair (0/6) D:9
    Orc: D:9-12

Altars:
Ashenzari
Cheibriados
Dithmenos
Elyvilon
Fedhas
Gozag
Hepliaklqana
Kikubaaqudgha
Makhleb
Nemelex Xobeh
Okawaru
Qazlal
Ru
Sif Muna
Trog
Uskayaw
Vehumet
Wu Jian
Xom
Yredelemnul
Zin
The Shining One

Shops:
D:5 %

Annotations:
D:3 Grinder


Innate Abilities, Weirdness & Mutations

You can breathe waves of freezing cold.
You can buffet flying creatures when you breathe cold.
Your icy white scales are hard. (AC +7)
You cannot fit into any form of body armour.
Your flesh is cold resistant. (rC+)
You are cold-blooded and may be slowed by cold attacks.
You have very sharp teeth.
You have large cloven feet.
You have an increased reservoir of magic. (+10% MP)
Your system is resistant to poisons. (rPois)
Potions are less effective at restoring your health.


Message History

Confirm with . or Enter, or press ? or * to list all spells.
A chill wind blows around you. The troll bites you!
The troll claws you but does no damage. x2
Unknown command.
You thump the troll!
The troll is heavily wounded.
The troll barely misses you. The troll closely misses you.
The troll claws you but does no damage.
Your ice beast hits the troll.
Your ice beast freezes the troll.
You barely miss the troll. You bite the troll, but do no damage.
The troll is severely wounded.
The troll bites you! The troll claws you! The troll claws you.
* * * LOW HITPOINT WARNING * * *
Your ice beast hits the troll.
Your ice beast freezes the troll!
The troll bites you!
* * * LOW HITPOINT WARNING * * *
The troll claws you.
* * * LOW HITPOINT WARNING * * *
The troll claws you.
You die...

...# #...# #.###.
...# # #...# #.##..
...# .# ##..# #.##>.
...# ..# #..# #.####
...# .. #..# #.#
...#######.# #####
#..# #.#
.(.oZoHT.S.#. #...#
#..# #.#
..o#########.####...#
#..# #.# ....
#<...@...###..# #.#
.....
##..TY......#.###.#
......
#.......##.##..##.#
.......
#.......##.##..##.#
.......#
#.###.#.##.##..##.###
.......# #.
#.#.##.##.......# #
###.#.##.##.#...#.#
#<..#.##.####...#.#
#####.##.# #.....#


You could see a troll and a friendly ice beast.

Vanquished Creatures
  A human (D:8)
  A yak (D:8)
  3 hogs (D:8)
  A hungry ghost (D:9)
  An orc warrior (D:4)
  2 phantoms
  2 sky beasts
  3 ogres
  A big kobold (Sewer)
  5 bullfrogs
  2 scorpions
  8 killer bees
  4 howler monkeys
  5 crimson imps
  2 hounds
  A human skeleton (D:6)
  An orc priest (D:3)
  A bullfrog skeleton (D:4)
  5 orc wizards
  Jessica (D:8)
  2 iguanas
  6 worker ants
  A howler monkey zombie (D:7)
  A worker ant zombie (D:6)
  6 gnolls
  19 adders
  2 shadow imps
  An ooze (D:2)
  An adder zombie (D:5)
  An adder skeleton (D:4)
  2 worms (D:4)
  4 dart slugs
  10 leopard geckos
  17 orcs
  6 giant cockroaches
  2 goblins
  11 hobgoblins
  18 jackals
  9 kobolds
  3 quokkas
  A ball python (D:2)
  11 bats
  A frilled lizard (D:1)
  A kobold zombie (D:6)
  11 rats
197 creatures vanquished.

Vanquished Creatures (others)
  A quokka (D:8)
1 creature vanquished.

Grand Total: 198 creatures vanquished

Notes
Turn   | Place    | Note
-------+----------+-------------------------------------------
     0 | D:1      | dvd the Draconian Ice Elementalist began the quest for the Orb.
     0 | D:1      | Reached XP level 1. HP: 14/14 MP: 3/3
   154 | D:1      | Reached XP level 2. HP: 18/20 MP: 1/5
   524 | D:1      | Learned a level 2 spell: Throw Frost
   704 | D:1      | Reached XP level 3. HP: 26/26 MP: 4/6
   709 | D:1      | Learned a level 3 spell: Ozocubu's Armour
  1673 | D:2      | Found a shadowy altar of Dithmenos.
  2184 | D:2      | Found a radiant altar of Vehumet.
  2192 | D:2      | Became a worshipper of Vehumet
  2290 | D:2      | Reached XP level 4. HP: 33/33 MP: 0/8
  3185 | D:3      | Noticed Grinder
  3341 | D:2      | Reached skill level 4 in Ice Magic
  3367 | D:3      | Reached XP level 5. HP: 32/39 MP: 5/9
  3510 | D:3      | Reached * piety under Vehumet
  3510 | D:3      | Offered knowledge of Sandblast by Vehumet.
  3514 | D:3      | Learned a level 1 spell: Sandblast
  3826 | D:3      | Found a sacrificial altar of Ru.
  3826 | D:3      | Found an ancient bone altar of Kikubaaqudgha.
  3874 | D:3      | Paralysed by Grinder for 3 turns
  3896 | D:4      | Found a glowing drain.
  3983 | D:4      | HP: 1/39 [scorpion (7)]
  4169 | D:4      | Reached skill level 1 in Fighting
  4274 | Sewer    | Entered a sewer
  4361 | Sewer    | Reached skill level 1 in Short Blades
  4361 | Sewer    | Reached XP level 6. HP: 30/47 MP: 2/11
  4484 | Sewer    | Found a white marble altar of Elyvilon.
  4697 | D:4      | Noticed an orc warrior
  4811 | D:4      | Killed an orc warrior
  5047 | D:4      | Reached skill level 5 in Ice Magic
  5047 | D:4      | Your scales start taking on an icy white colour.
  5047 | D:4      | Reached skill level 6 in Ice Magic
  5047 | D:4      | Reached XP level 7. HP: 51/52 MP: 1/13
  5047 | D:4      | Gained mutation: Your flesh is cold resistant. (rC+) [White Draconian growth]
  5322 | D:4      | Found a basalt altar of Yredelemnul.
  5513 | D:4      | Offered knowledge of Magic Dart by Vehumet.
  5595 | D:4      | Found a shimmering altar of Xom.
  5851 | D:5      | Entered Level 5 of the Dungeon
  5917 | D:5      | Reached ** piety under Vehumet
  5952 | D:5      | Found a bloodstained altar of Trog.
  6073 | D:5      | Found a staircase to the Ecumenical Temple.
  6082 | Temple   | Entered the Ecumenical Temple
  6390 | D:5      | Reached skill level 1 in Long Blades
  6401 | D:5      | Gained mutation: Your magical capacity is low. (-10% MP) [mutagenic meat]
  6402 | D:5      | Gained mutation: Potions are less effective at restoring your health. [mutagenic meat]
  6403 | D:5      | Gained mutation: You are resistant to hostile enchantments. (MR+) [mutagenic meat]
  6404 | D:5      | Gained mutation: You have very sharp teeth. [mutagenic meat]
  6407 | D:5      | Found a blossoming altar of Fedhas.
  6677 | D:5      | Found Coqeowoh's Food Shoppe.
  6932 | D:5      | Learned a level 4 spell: Throw Icicle
  6982 | D:6      | Reached skill level 5 in Spellcasting
  7056 | D:6      | Found a white marble altar of Elyvilon.
  7149 | D:6      | Found a burning altar of Makhleb.
  7215 | D:6      | Reached skill level 1 in Earth Magic
  7215 | D:6      | Reached XP level 8. HP: 59/59 MP: 5/14
  7310 | D:6      | Reached skill level 7 in Ice Magic
  7631 | D:6      | Found a runed door.
  7632 | D:6      | Found a basalt altar of Yredelemnul.
  8226 | D:7      | Lost mutation: You are resistant to hostile enchantments. (MR+) [potion of mutation]
  8226 | D:7      | Lost mutation: Your magical capacity is low. (-10% MP) [potion of mutation]
  8226 | D:7      | Gained mutation: You have large cloven feet. [potion of mutation]
  8226 | D:7      | Gained mutation: Your system is resistant to poisons. (rPois) [potion of mutation]
  8226 | D:7      | Gained mutation: You have an increased reservoir of magic. (+10% MP) [potion of mutation]
  8523 | D:7      | Offered knowledge of Ignite Poison by Vehumet.
  8870 | D:8      | Found a white marble altar of Elyvilon.
  9181 | D:8      | Found an ornate altar of the Wu Jian Council.
  9217 | D:8      | Reached XP level 9. HP: 40/67 MP: 13/20
  9224 | D:8      | Reached skill level 8 in Ice Magic
  9567 | D:8      | Found a sparkling altar of Nemelex Xobeh.
  9567 | D:8      | Noticed Jessica
  9571 | D:8      | Killed Jessica
  9593 | D:8      | Reached *** piety under Vehumet
  9604 | D:8      | Learned a level 4 spell: Summon Ice Beast
  9760 | D:9      | Noticed a troll
  9925 | D:9      | Reached skill level 9 in Ice Magic
  9926 | D:9      | Offered knowledge of Inner Flame by Vehumet.
 10264 | D:9      | Found a staircase to the Lair.
 10551 | D:9      | HP: 3/70 [troll (4)]
 10551 | D:9      | Slain by a troll

Vault maps used:
D:1:      erik_arrival_cave_to_civilisation
D:2:      minmay_diamond_boxcup, vehumet_crystals, first_bread,
          nicolae_dithmenos_shadow_blocks
D:3:      lemuel_coloured_pillars_altar, nicolae_overflow_hidden_temple,
          minmay_crystal_room, uniq_grinder
D:4:      marbit_many_paths, nicolae_overflow_crystal_walls,
          gup_sewer_entry_glass, guppyfry_early_orc_mine
D:5:      lightli_temple_of_fire, minmay_temple_entry_large_hall, basic_altar,
          serial_shops, shop
D:6:      bloody_makhleb, basic_altar, dk_yredelemnul_ordeal
D:7:      hangedman_abyss_or_decor_passed
D:8:      old_standard_altar, elyvilon_altar_4, grunt_livestock,
          nemelex_lonely_heart_becter
D:9:      dpeg_oklobed_lair, grunt_ministairs_6
Temple:   minmay_temple_bridge_abc
Sewer:    sewer_kobolds

Skill      XL: |  1  2  3  4  5  6  7  8  9 |
---------------+----------------------------+-----
Stealth        | 2 3 |  3.4
Dodging        | 2 3 |  3.9
Spellcasting   | 3 4 5 6 7 |  7.4
Ice Magic      | 4 6 7 9 |  9.4
Fighting       | 1 2 3 |  3.2
Short Blades   | 1 |  1.9
Long Blades    | 2 3 4 |  4.6
Conjurations   | 2 |  2.6
Earth Magic    | 1 2 3 |  3.3
Staves         | |  0.2
Unarmed Combat | |  0.8
Charms         | |  0.6

Action                   |  1- 3 |  4- 6 |  7- 9 || total
-------------------------+-------+-------+-------++-------
Melee: Unarmed           |    43 |       |       ||    43
       Tailslap          |     4 |     7 |    11 ||    22
       Dagger            |    11 |       |       ||    11
       Short sword       |    12 |    79 |    11 ||   102
       Punch             |       |     1 |     1 ||     2
       Scimitar          |       |       |   118 ||   118
       Bite              |       |       |    10 ||    10
       Quarterstaff      |       |       |    20 ||    20
 Cast: Freeze            |    56 |    92 |   117 ||   265
       Throw Frost       |    12 |    16 |    60 ||    88
       Ozocubu's Armour  |     1 |     3 |     7 ||    11
       Sandblast         |       |    11 |    36 ||    47
       Throw Icicle      |       |       |     1 ||     1
       Summon Ice Beast  |       |       |     2 ||     2
 Abil: Breathe Frost     |       |       |    18 ||    18
Evoke: Wand              |       |     1 |       ||     1
  Use: Scroll            |       |     4 |    11 ||    15
       Potion            |       |       |    11 ||    11
 Stab: Sleeping          |     5 |     5 |     3 ||    13
  Eat: Chunk             |     6 |    10 |    25 ||    41
       Meat ration       |       |       |     1 ||     1
Armor: Skin              |    37 |    43 |   114 ||   194
Dodge: Dodged            |    73 |   116 |   218 ||   407
       Rpst.: Scimitar   |       |       |    42 ||    42
